 Dungeon Crawl Stone Soup version 0.27-a0-1559-g299f9947c5 (webtiles) character file.

Game seed: 10586746197481482176

5583 Conn the Firebug (level 10, -2/60 HPs)
             Began as an Octopode Fire Elementalist on July 16, 2021.
             Was a Priest of Sif Muna.
             Killed by divine providence
             ... invoked by an orc priest
              (15 damage)
             ... on level 9 of the Dungeon.
             The game lasted 00:27:50 (13561 turns).

Conn the Firebug (Octopode Fire Elementalist)      Turns: 13561, Time: 00:27:51

Health: -2/60      AC:  3    Str: 14    XL:     10   Next: 72%
Magic:  15/20      EV: 14    Int: 21    God:    Sif Muna [***...]
Gold:   495        SH:  0    Dex: 12    Spells: 3/22 levels left

rFire    . . .     SeeInvis .   o - +5 dagger (venom)
rCold    . . .     Faith    .   (no shield)
rNeg     . . .     Spirit   .   a - +2 hat {Will+}
rPois    .         Reflect  .   (no amulet)
rElec    .         Harm     .   f - ring of flight
rCorr    .         Rampage  .   q - +6 ring of strength
Will     +....                  (no ring)
Stlth    ++++......             (no ring)
HPRegen  0.20/turn              (no ring)
MPRegen  0.17/turn              (no ring)
                                (no ring)
                                (no ring)

@: flying
A: almost no armour, amphibious, 8 rings, camouflage 1, gelatinous body 1,
(nimble swimmer 1), tentacles
a: Renounce Religion, Channel Magic, Forget Spell


You were on level 9 of the Dungeon.
You worshipped Sif Muna.
Sif Muna was most pleased with you.
You visited 1 branch of the dungeon, and saw 9 of its levels.
You also visited: Ossuary.

You collected 579 gold pieces.
You spent 84 gold pieces at shops.

Inventory:

Hand Weapons
 b - a +0 dagger
 c - a +1 hand axe of electrocution
 o - a +5 dagger of venom (weapon)
Missiles
 d - a curare-tipped dart
 y - a throwing net
Armour
 a - a +2 hat of willpower (worn)
 m - a +1 kite shield
Jewellery
 f - a ring of flight (left tentacle)
 q - a +6 ring of strength (right tentacle)
 x - a ring of ice
Scrolls
 g - a scroll of blinking
 h - 7 scrolls of identify
 i - a scroll of enchant armour
 j - a scroll of summoning
 p - 4 scrolls of teleportation
Potions
 e - a potion of ambrosia {unknown}
 k - a potion of might
 l - a potion of resistance {unknown}
 r - 3 potions of brilliance
 u - 4 potions of curing
 w - a potion of cancellation
 z - a potion of attraction {unknown}
 A - a potion of heal wounds
 B - 2 potions of haste
 C - a potion of degeneration {unknown}
 D - a potion of lignification


   Skills:
 + Level 2.2 Fighting
 + Level 3.1 Short Blades
 + Level 0.6 Axes
 + Level 4.2 Dodging
 + Level 6.4 Stealth
 + Level 6.8 Spellcasting
 + Level 5.8 Conjurations
 + Level 0.4 Hexes
 * Level 4.2 Summonings
 + Level 6.9 Fire Magic
 + Level 0.5 Air Magic
 * Level 5.5 Poison Magic
 * Level 5.5 Invocations


You had 3 spell levels left.
You knew the following spells:

 Your Spells              Type           Power      Damage    Failure   Level
a - Foxfire               Conj/Fire      100%       2x1d9     1%          1
b - Conjure Flame         Conj/Fire      34%        6-21      1%          3
c - Inner Flame           Hex/Fire       22%        N/A       6%          3
d - Sticky Flame          Conj/Fire      34%        2d5       6%          4
e - Mephitic Cloud        Conj/Pois/Air  23%        N/A       5%          3
f - Call Imp              Summ           25%        N/A       2%          2
g - Summon Guardian Gole  Hex/Summ       17%        N/A       11%         3

Your spell library contained the following spells:

 Spells                   Type           Power      Damage    Failure   Level
 Magic Dart               Conj           100%       1d8       1%          1
 Summon Small Mammal      Summ           100%       N/A       1%          1
 Call Canine Familiar     Summ           25%        N/A       4%          3
 Fireball                 Conj/Fire      17%        3d9       19%         5


Dungeon Overview and Level Annotations

Branches:
Dungeon (9/15)             Temple (0/1) D:5         Ossuary (visited)
   Lair: D:8-11         Orc: D:9-12

Altars:
Elyvilon
Ru
Sif Muna
Trog
Uskayaw
Vehumet
The Shining One

Shops:
D:3 ?   D:6 ?

Portals:
Abyss: D:6

Annotations:
D:6 2 transporters, Conn's ghost, novice OpFE


Innate Abilities, Weirdness & Mutations

You cannot wear most types of armour.
You are amphibious.
You can wear up to eight rings at the same time.
Your skin changes colour to match your surroundings (Stealth+).
Your rubbery body absorbs attacks. (AC +1, EV +1)
((You are camouflaged near water. (Stealth+)))
You have tentacles for arms and can constrict up to eight enemies at once.


Message History

The orc warrior is moderately wounded.
The orc warrior hits you with a +0 short sword!
Unknown command.
Casting: Foxfire (safe; 1% risk of failure)
Confirm with . or Enter, or press ? or * to list all spells.
Aiming: Sticky Flame (dangerous; 6% risk of failure)
Press: ? - help, Shift-Dir - straight line, f - orc warrior
Aim: an orc warrior, wielding a +0 short sword and wearing a +0 chain mail of cold resistance (moderately wounded, 100% to hit)
The sticky flame hits the orc warrior.
The orc warrior is moderately wounded.
The orc warrior is covered in liquid flames!
The orc warrior burns!
An orc priest comes into view. It is wielding a +0 trident.
The orc warrior hits you with a +0 short sword!
The orc priest shouts!
You hit the orc warrior but do no damage.
The orc warrior is poisoned.
Your grab misses the orc warrior.
The orc warrior is heavily wounded.
The orc warrior burns!
The orc priest casts a cantrip, but nothing happens.
You hit the orc warrior. Your grab misses the orc warrior.
The orc warrior is severely wounded.
The orc warrior hits you with a +0 short sword!
* * * LOW HITPOINT WARNING * * *
Unknown command.
The orc warrior burns!
The orc warrior hits you with a +0 short sword.
* * * LOW HITPOINT WARNING * * *
An orc comes into view. It is wielding a +0 short sword.
There is an open door here.
The orc warrior burns!
The orc warrior burns!
You kill the orc warrior!
Sif Muna accepts your kill.
The orc priest looks satisfied for a moment.
Items here: )))) [[[ †††.
Items here: ))) [[.
The orc priest calls down the wrath of Beogh upon you.
Beogh smites you!
You die...

#......###>......... #####'##
#########'# ## #.# #####.# o) #.#
#.....# #####'## #.# #.#####
#......# ##.# #####'#####
#...o..# #..# #..........
#......# ###.#####..........
+..^...########.@.....+..........
#......).o..))..#.#####..........
#......##########.# #..........
#......# ##.# #..........
###+#### #..# #######...# #.##
#≈≈≈≈≈≈≈ #.# ####...# ### ##.##
##.#


You could see an orc priest.

Vanquished Creatures
  2 trolls
  6 yaks (D:9)
  3 water moccasins
  2 orc warriors
  A sky beast (D:5)
  A hornet zombie (D:8)
  An ogre (D:6)
  4 necrophages
  3 centaurs
  A phantom (D:5)
  A kobold brigand (D:9)
  A wyvern zombie (D:4)
  A bullfrog (D:8)
  A scorpion (D:4)
  A gnoll sergeant (D:7)
  A wyvern skeleton (D:6)
  5 killer bees (D:9)
  12 wights
  4 howler monkeys
  2 jellies
  2 hounds (D:5)
  2 bullfrog skeletons (D:7)
  4 orc priests
  3 iguanas
  6 orc wizards
  2 killer bee zombies
  9 mummies
  A howler monkey zombie (D:8)
  16 gnolls
  9 adders
  2 shadow imps
  2 white imps (D:7)
  3 ufetubi
  2 worms (D:4)
  2 dart slugs
  24 orcs
  6 ball pythons
  9 bats
  8 endoplasms
  3 giant cockroaches
  3 gnoll zombies (Ossuary)
  8 hobgoblins
  2 jackals (D:4)
  6 quokkas
  12 frilled lizards
  13 goblins
  2 hobgoblin zombies (Ossuary)
  15 kobolds
  2 kobold zombies (Ossuary)
  An orc zombie (Ossuary)
  A quokka skeleton (D:4)
  4 rats
237 creatures vanquished.

Vanquished Creatures (collateral kills)
  A hornet (D:8)
  A wyvern (D:8)
  An acid dragon (D:8)
  A necrophage (D:8)
  A wight (D:8)
  A foxfire (D:8)
6 creatures vanquished.

Vanquished Creatures (others)
  An orc warrior (D:9)
  655 foxfires
  10 plants (D:2)
666 creatures vanquished.

Grand Total: 909 creatures vanquished

Notes
Turn   | Place    | Note
-------+----------+-------------------------------------------
     0 | D:1      | Conn the Octopode Fire Elementalist began the quest for the
                  | Orb.
     0 | D:1      | Reached XP level 1. HP: 11/11 MP: 3/3
   565 | D:1      | Reached XP level 2. HP: 17/17 MP: 3/5
  1096 | D:1      | Reached XP level 3. HP: 19/21 MP: 3/6
  1920 | D:2      | Learned a level 3 spell: Conjure Flame
  2590 | D:2      | Reached XP level 4. HP: 27/27 MP: 5/7
  3123 | D:2      | Reached XP level 5. HP: 31/31 MP: 0/9
  3506 | D:3      | Learned a level 3 spell: Inner Flame
  3883 | D:3      | Found a faded altar of an unknown god.
  4115 | D:3      | Found a large runed translucent door.
  4166 | D:3      | Found Welolix's Magic Scroll Emporium.
  4176 | D:3      | Found a large runed translucent door.
  4254 | D:3      | Bought a scroll of teleportation for 42 gold pieces
  4254 | D:3      | Bought a scroll of teleportation for 42 gold pieces
  4334 | D:3      | Noticed a necrophage
  4343 | D:3      | Killed a necrophage
  4344 | D:3      | Reached XP level 6. HP: 36/36 MP: 5/11
  4536 | D:3      | Found a shimmering blue altar of Sif Muna.
  4543 | D:3      | Became a worshipper of Sif Muna the Loreminder
  4548 | D:3      | Found a hide-covered altar of Uskayaw.
  5119 | D:4      | Reached XP level 7. HP: 3/42 MP: 7/12
  5960 | D:5      | Entered Level 5 of the Dungeon
  6062 | D:5      | Found a staircase to the Ecumenical Temple.
  6276 | D:5      | Reached * piety under Sif Muna
  6392 | D:5      | Reached skill level 1 in Invocations
  6532 | D:5      | Reached skill level 1 in Fighting
  6532 | D:5      | Reached skill level 5 in Fire Magic
  6623 | D:5      | Reached skill level 1 in Short Blades
  6886 | D:5      | Reached XP level 8. HP: 48/48 MP: 14/14
  7516 | D:5      | Learned a level 4 spell: Sticky Flame
  7520 | D:5      | Learned a level 3 spell: Mephitic Cloud
  7546 | D:6      | Found a transporter.
  7550 | D:6      | Found a transporter.
  7616 | D:6      | Learned a level 2 spell: Call Imp
  7695 | D:6      | Reached skill level 5 in Stealth
  7711 | D:6      | Reached skill level 1 in Poison Magic
  7785 | D:6      | Found a radiant altar of Vehumet.
  7802 | D:6      | Reached skill level 1 in Summonings
  7919 | D:6      | Found Leimp's Magic Scroll Shoppe.
  7980 | D:6      | Noticed a green ugly thing
  7999 | D:6      | Found a one-way gate to the infinite horrors of the Abyss.
  7999 | D:6      | Noticed Conn's ghost (novice OpFE)
  8408 | D:6      | Reached skill level 5 in Spellcasting
  8513 | D:6      | Found a glowing golden altar of the Shining One.
  8520 | D:6      | Found a bloodstained altar of Trog.
  8858 | D:6      | Reached XP level 9. HP: 32/54 MP: 1/16
  9073 | D:6      | Found a white marble altar of Elyvilon.
  9074 | D:6      | Found a sacrificial altar of Ru.
  9289 | D:7      | Noticed a deep elf pyromancer
  9289 | D:7      | Noticed a troll
  9304 | D:6      | Killed a troll
  9438 | D:6      | Reached ** piety under Sif Muna
 10636 | D:8      | Reached skill level 5 in Conjurations
 10730 | D:8      | Found a sand-covered staircase.
 10736 | Ossuary  | Entered an ossuary
 11076 | Ossuary  | Identified a scroll of acquirement
 11076 | Ossuary  | Acquired a +0 hat of willpower
 11460 | D:8      | Reached *** piety under Sif Muna
 11735 | D:8      | Noticed a hornet
 11750 | D:8      | Learned a level 3 spell: Summon Guardian Golem
 11836 | D:8      | Killed a hornet
 11837 | D:8      | Reached XP level 10. HP: 40/60 MP: 2/18
 11850 | D:8      | Reached skill level 5 in Invocations
 12472 | D:9      | Reached skill level 5 in Poison Magic
 13561 | D:9      | Killed from afar by an orc priest

Illustrated notes

Levels and vault maps discovered:
D:1:      co_arrival_square_in_a_square_in_a_square, layout_basic,
          kennysheep_pointless_box, minmay_misc_feat_diagonals, st_stairs_12
D:2:      layout_basic, minmay_lizard_king
D:3:      layout_rooms, jmf_multi_god_temple2, serial_shops,
          nicolae_shop_window_shopping,
          hellmonk_ecumenical_altar_pennies_from_heaven
D:4:      layout_loops_cross
D:5:      layout_loops_cross, minmay_temple_entry_slanted, nrook_mini_vaults
D:6:      layout_basic, vehumet_crystals, grunt_temple_overflow_cloverleaf,
          gammafunk_ghost_abyssal_escape, serial_shops, nicolae_stop_n_shop_1
D:7:      minmay_s_stair_smasher, layout_basic, lemuel_doored_altar,
          grunt_decor_one_mirror, kennysheep_generic_room_12
D:8:      layout_loops_corners, nicolae_ossuary_entry_plus, serial_undead,
          serial_undead_a, serial_undead_a, serial_undead_b, serial_undead_f,
          chequers_garden
D:9:      layout_roguey, david_lair_shrubbed, chequers_serial_rivers_micro_a,
          patterned_corridor

Skill      XL: |  1  2  3  4  5  6  7  8  9 10 |
---------------+-------------------------------+-----
Stealth        | 3 4 5 6 |  6.4
Conjurations   | 2 3 4 5 |  5.8
Fire Magic     | 4 5 6 |  6.9
Spellcasting   | 3 4 5 6 |  6.8
Invocations    | 1 3 4 5 |  5.5
Fighting       | 1 2 |  2.2
Dodging        | 3 4 |  4.2
Short Blades   | 1 2 3 |  3.1
Poison Magic   | 2 4 5 |  5.5
Summonings     | 2 3 4 |  4.2
Axes           | |  0.6
Hexes          | |  0.4
Air Magic      | |  0.5

Action                   |  1- 3 |  4- 6 |  7- 9 | 10-12 || total
-------------------------+-------+-------+-------+-------++-------
Melee: Dagger            |     1 |    10 |    97 |    39 ||   147
       Hand axe          |    12 |    13 |       |       ||    25
       Constrict         |     2 |     3 |    20 |     6 ||    31
       Tentacles         |     1 |     1 |    23 |     5 ||    30
 Cast: Foxfire           |    64 |   102 |   159 |    52 ||   377
       Conjure Flame     |     1 |     4 |    14 |     5 ||    24
       Sticky Flame      |       |       |    13 |    14 ||    27
       Inner Flame       |       |       |     5 |     2 ||     7
       Mephitic Cloud    |       |       |     5 |       ||     5
       Summon Guardian G |       |       |       |     1 ||     1
Invok: Channel Magic     |       |       |       |     1 ||     1
  Use: Potion            |       |     3 |     4 |     1 ||     8
       Scroll            |       |     1 |    16 |     2 ||    19
 Stab: Sleeping          |     5 |     1 |     8 |     3 ||    17
Armor: Skin              |     3 |     1 |     7 |     7 ||    18
Dodge: Dodged            |    21 |    30 |    93 |    28 ||   172

Table legend: (Time is in decaauts)
 A = Elapsed time spent in this place.
 B = Non-inter-level travel time spent in this place.
 C = Inter-level travel time spent in this place.
 D = Time resting spent in this place.
 E = Time spent auto-exploring this place.
 F = Levels seen in this place.
 G = Mean time per level.
                   A        B        C        D        E       F      G
               +--------+--------+--------+--------+--------+-----+--------+
         Total |  13539 |  13396 |    143 |   2225 |   8536 |  10 | 1353.9 |
       Dungeon |  13116 |  12973 |    143 |   2078 |   8449 |   9 | 1457.3 |
       Ossuary |    422 |    422 |      0 |    147 |     87 |   1 |  422.0 |
               +--------+--------+--------+--------+--------+-----+--------+

Top non-repeatable levels by time:
     D:6: 2168 daAuts
     D:1: 2121 daAuts
     D:5: 1584 daAuts
     D:4: 1392 daAuts
     D:8: 1390 daAuts
     D:2: 1381 daAuts
     D:9: 1112 daAuts
     D:3: 1070 daAuts
     D:7: 894 daAuts
 Ossuary: 422 daAuts
